Map: Moonlight Madness LE (Void)

Players

AcerBly (Bly)

  • Race: Zerg Zerg
  • League: Master

RayReign - Winner!

  • Race: Protoss Protoss
  • League: Master

Event: ASL Season 5 Prime League LOTV Beta

VOD

Have the link to the VOD?

Description

Time

  • Played on: Sept. 4, 2015, 11:35 p.m.
  • Length: 9:25

All games in this series

Show
View Real Time Build Order
Export as new Build Order

AcerBly Zerg 

Build Orders: Hatch First 

Get SALT Encoding   

  12  0:01  Drone  
  13  0:12  Overlord  
  13  0:17  Drone  
  14  0:30  Drone x2  
  16  0:36  Drone  
  17  0:53  Drone  
  18  1:02  Hatchery  
  17  1:11  Spawning Pool  
  16  1:15  Drone  
  16  1:17  Drone  
  18  1:21  Extractor  
  17  1:36  Drone  
  19  1:40  Drone, Overlord  
  19  1:58  Hatchery  
  19  2:00  Zergling x2  
  19  2:01  Zergling x2  
  20  2:11  Queen  
  20  2:15  Zergling x2  
  23  2:18  Zergling x2  
  24  2:23  Drone  
  24  2:26  Drone  
  26  2:32  Metabolic Boost  
  27  2:37  Drone  
  27  2:52  Drone x3  
  29  3:04  Drone x3  
  30  3:13  Drone x2  
  30  3:19  Zergling x6  
  36  3:20  Zergling x4  
  36  3:23  Queen  
  39  3:28  Queen  
  39  3:33  Overlord  
  41  3:40  Overlord  
  41  3:48  Drone  
  42  3:56  Drone x5  
  42  3:57  Roach Warren  
  42  3:59  Overlord  
  45  4:08  Lair  
  45  4:12  Queen  
  45  4:15  Overlord  
  47  4:21  Drone x3  
  47  4:22  Drone  
  51  4:25  Drone  
  52  4:38  Roach x5  
  62  4:44  Roach x3  
  68  4:50  Overlord  
  57  5:15  Drone x9  
  64  5:23  Drone x5  
  64  5:28  Overlord  
  68  5:32  Drone x4  
  68  5:35  Glial Reconstitution  
  64  5:48  Drone x7  
  70  5:54  Drone x2  
  72  5:58  Overseer  
  72  6:03  Extractor x2  
  70  6:05  Drone x3  
  70  6:06  Extractor  
  72  6:19  Drone x8  
  72  6:23  Extractor  
  79  6:31  Drone x3  
  82  6:33  Overlord  
  82  6:35  Overlord x3  
  82  6:49  Spire  
  82  6:52  Roach x4  
  88  6:56  Roach x2  
  88  6:58  Overlord, Extractor  
  88  6:59  Zergling x8  
  88  7:00  Zergling x6  
  98  7:06  Evolution Chamber  
  98  7:08  Evolution Chamber x2, Roach  
  92  7:17  Roach  
  92  7:18  Roach x4  
  95  7:26  Roach x3  
  95  7:27  Roach  
  97  7:33  Roach  
  97  7:34  Roach x4  
  95  7:42  Roach  
  95  7:43  Roach x3  
  82  7:51  Hydralisk Den  
  82  7:57  Roach x5  
  83  8:10  Roach x5  
  83  8:21  Queen  
  83  8:26  Roach x5  
  75  8:35  Roach x4  
  64  8:53  Roach x4  
  64  8:55  Ravager  
  47  9:03  Ravager x3  
Show
View Real Time Build Order
Export as new Build Order

RayReign Protoss - Winner!

Build Orders: 1 Gate Expand 

Get SALT Encoding   

  12  0:00  Probe (Chrono Boost)  
  13  0:10  Probe (Chrono Boost)  
  14  0:18  Pylon  
  14  0:22  Probe (Chrono Boost)  
  15  0:35  Probe (Chrono Boost)  
  15  0:41  Gateway  
  16  0:46  Probe (Chrono Boost)  
  16  0:48  Assimilator  
  17  0:56  Probe (Chrono Boost)  
  18  1:06  Probe (Chrono Boost)  
  19  1:16  Probe (Chrono Boost)  
  20  1:25  Nexus  
  20  1:28  Probe (Chrono Boost)  
  21  1:38  Cybernetics Core  
  21  1:45  Pylon  
  21  1:46  Probe (Chrono Boost)  
  22  1:57  Probe (Chrono Boost), Assimilator  
  23  2:07  Probe (Chrono Boost)  
  24  2:13  Warp Gate (Chrono Boost)  
  24  2:16  Adept  
  24  2:18  Probe (Chrono Boost)  
  27  2:28  Probe (Chrono Boost)  
  28  2:38  Probe (Chrono Boost)  
  28  2:39  Probe (Chrono Boost), Robotics Facility  
  28  2:43  Adept  
  32  2:48  Probe (Chrono Boost)  
  32  2:49  Probe  
  34  2:59  Probe, Pylon  
  34  3:01  Probe  
  35  3:18  Gateway  
  35  3:20  Gateway  
  35  3:25  Gateway  
  36  3:30  Warp Prism  
  36  3:35  Mothership Core  
  36  3:36  Probe  
  39  3:43  Pylon  
  39  3:49  Probe  
  39  3:54  Probe  
  41  4:09  Adept  
  44  4:10  Observer  
  44  4:11  Probe (Chrono Boost)  
  44  4:12  Probe (Chrono Boost)  
  44  4:13  Adept  
  48  4:24  Pylon  
  48  4:25  Pylon  
  48  4:36  Probe x2 (Chrono Boost)  
  50  4:44  Adept x4  
  50  4:45  Twilight Council  
  58  4:46  Probe (Chrono Boost), Forge  
  58  4:52  Probe (Chrono Boost)  
  58  4:56  Probe (Chrono Boost)  
  59  5:03  Probe (Chrono Boost)  
  59  5:06  Probe (Chrono Boost)  
  59  5:13  Probe (Chrono Boost)  
  59  5:14  Protoss Ground Weapons Level 1  
  60  5:16  Probe (Chrono Boost), Nexus, Adept x2  
  60  5:17  Adept  
  61  5:29  Adept  
  61  5:32  Immortal  
  67  5:37  Probe x2 (Chrono Boost)  
  69  5:46  Pylon  
  69  5:47  Pylon  
  69  5:48  Sentry x2  
  69  6:03  Probe (Chrono Boost)  
  70  6:04  Probe (Chrono Boost)  
  70  6:07  Assimilator  
  70  6:10  Assimilator  
  71  6:13  Photon Cannon  
  71  6:15  Pylon, Photon Cannon  
  71  6:16  Stalker x2  
  71  6:17  Stalker  
  77  6:19  Observer (Chrono Boost)  
  78  6:28  Probe x2 (Chrono Boost)  
  78  6:32  Adept  
  82  6:37  Blink  
  82  6:38  Warp Prism (Chrono Boost)  
  84  6:41  Probe  
  84  6:43  Probe x2  
  87  6:48  Adept x3  
  87  6:53  Probe  
  93  6:55  Probe x2  
  93  6:59  Pylon  
  96  7:03  Probe  
  96  7:05  Pylon  
  96  7:07  Probe  
  94  7:21  Gateway  
  94  7:23  Gateway  
  92  7:32  Stalker x2  
  92  7:33  Stalker x2  
  94  7:37  Probe x2  
  96  7:49  Gateway  
  96  7:52  Gateway  
  96  7:54  Immortal (Chrono Boost)  
  96  7:56  Robotics Bay  
  96  7:58  Stalker x2  
  98  7:59  Assimilator  
  98  8:00  Zealot  
  98  8:01  Zealot  
  98  8:03  Assimilator  
  92  8:22  Stalker x6  
  92  8:50  Stalker x6  
  100  9:09  Stalker x2  
  104  9:10  Gateway  
  104  9:11  Gateway  
  104  9:14  Gateway  
  104  9:15  Gateway  
Tags
 
Add a new tag
Caveats
  • Supply blocks, unpowered buildings, or Contaminate may cause inaccurate times.
  • Supply counts are checked every 10 seconds.